 Dungeon Crawl Stone Soup version bcrawl-1.21.3-1-g0d72ed7573 (webtiles) character file.

Game seed: 15948096779441499418

461 Mehrunes the Covered (level 6, -4/53 HPs)
             Began as a Demigod Fighter on Apr 15, 2020.
             Slain by a sky beast (6 damage)
             ... on level 4 of the Dungeon.
             The game lasted 00:09:31 (3986 turns).

Mehrunes the Covered (Demigod Fighter)              Turns: 3986, Time: 00:09:32

Health: -4/53      AC:  7    Str: 24    XL:     6   Next: 79%
Magic:  8/8        EV:  7    Int: 12    God:    Demigod [**....]
Gold:   265        SH: 12    Dex: 16    Spells: 5/5 levels left

rFire    . . .     SeeInvis .   a - +0 war axe
rCold    . . .     Gourm    .   s - +2 medium shield
rNeg     . . .     Faith    .   b - +0 scale mail
rPois    .         Spirit   .   (no helmet)
rElec    .         Reflect  .   (no cloak)
rCorr    .         Harm     .   (no gloves)
MR       .....                  (no boots)
Stlth    ..........             m - amulet of rage
HPRegen  0.17/turn              (no ring)
MPRegen  0.11/turn              (no ring)

@: no status effects
A: high mp 1
a: Temporal Distortion, Growth, Evoke Berserk Rage


You were on level 4 of the Dungeon.
You worshipped Demigod.
Demigod was pleased with you.
You were not hungry.

You visited 1 branch of the dungeon, and saw 4 of its levels.

You collected 265 gold pieces.

Inventory:

Hand Weapons
 a - a +0 war axe (weapon)
Armour
 b - a +0 scale mail (worn)
 c - a +0 medium shield
 s - a +2 medium shield (worn)
Jewellery
 m - an amulet of rage (around neck)
 t - an uncursed ring of resist corrosion {unknown}
Scrolls
 f - a scroll of amnesia {unknown}
 g - 2 scrolls of teleportation {unknown}
 i - 5 scrolls of identify {unknown}
 k - 2 scrolls of magic mapping {unknown}
 n - 6 scrolls of remove curse {unknown}
 q - a scroll of fog {unknown}
 u - a scroll of enchant armour {unknown}
Potions
 d - a potion of might
 h - 2 potions of brilliance {unknown}
 j - 2 potions of heal wounds {unknown}
 l - 2 potions of mutation {unknown}
 p - a potion of lignification {unknown}
 r - 2 potions of invisibility {unknown}
 v - a potion of haste {unknown}
 w - a potion of agility {unknown}
Comestibles
 e - 2 rations {!d}
 o - 3 chunks of flesh


   Skills:
 + Level 4.5 Fighting
 + Level 4.1 Axes
 + Level 4.6 Armour
 - Level 2.6 Shields


You had 5 spell levels left.
You didn't know any spells.
Your spell library was empty.

Dungeon Overview and Level Annotations

Branches:
Dungeon (4/12)
 Temple: D:4-7

Annotations:
D:4 Eustachio


Innate Abilities, Weirdness & Mutations

You have an increased reservoir of magic. (+10% MP)


Message History

You miss something. Something hits you but does no damage.
You miss something. Something hits you. Something shocks you.
Something hits you but does no damage.
You hit something. Something hits you.
* * * LOW HITPOINT WARNING * * *
Something shocks you.
* * * LOW HITPOINT WARNING * * *
You miss something. Something hits you but does no damage.
You closely miss something. You block something's attack.
Something hits you but does no damage.
You closely miss something. Something hits you.
* * * LOW HITPOINT WARNING * * *
Something shocks you.
* * * LOW HITPOINT WARNING * * *
You barely miss something.
Something hits you but does no damage. x2
You miss something. Something hits you.
* * * LOW HITPOINT WARNING * * *
Something shocks you.
You die...
Your divinity fades.

...####.##.# ##.##
..#####.#. ##...#..#..# #..#
........#. ###...##.##
##.####.###...##.
###.....###
#..#.............
#####...####.##.##.###...###
###...#..##.#....._..#
###..J###.#........# .
###{###.#........##
..#####@#...#.#.......##
........#..........>...รท
......................##
........################
...##...#..............( ..
#...#..#...#...#...# .
#...#_..............
###.#..#...#...#...#
#.#...............


You could see an ooze.

Vanquished Creatures
  A centaur (D:4)
  2 bullfrogs
  A hound (D:3)
  A worker ant (D:2)
  7 adders
  An ooze (D:3)
  3 worms
  3 dart slugs
  3 leopard geckos
  6 orcs
  4 giant cockroaches
  10 goblins
  8 hobgoblins
  9 jackals
  4 quokkas
  2 bats
  5 frilled lizards
  19 kobolds
  A leopard gecko skeleton (D:3)
  5 rats
95 creatures vanquished.

Vanquished Creatures (others)
  3 plants
3 creatures vanquished.

Grand Total: 98 creatures vanquished

Notes
Turn   | Place    | Note
-------+----------+-------------------------------------------
     0 | D:1      | Mehrunes the Demigod Fighter began the quest for the Orb.
     0 | D:1      | Reached XP level 1. HP: 18/18 MP: 3/3
   340 | D:1      | Reached XP level 2. HP: 24/25 MP: 4/4
   837 | D:1      | Reached * piety under Demigod
  1133 | D:1      | Reached XP level 3. HP: 31/31 MP: 5/5
  1682 | D:2      | Reached XP level 4. HP: 32/38 MP: 6/6
  2325 | D:2      | Found a shadowy altar of Dithmenos.
  2327 | D:2      | Found a radiant altar of Vehumet.
  2339 | D:2      | Reached ** piety under Demigod
  2733 | D:3      | Noticed a bullfrog
  2746 | D:3      | Reached XP level 5. HP: 35/46 MP: 7/7
  2809 | D:3      | HP: 2/46 [bullfrog (4)]
  3179 | D:3      | Reached XP level 6. HP: 48/52 MP: 8/8
  3414 | D:3      | Found a shattered altar of Ashenzari.
  3769 | D:4      | Found a white marble altar of Elyvilon.
  3806 | D:4      | Found an iron altar of Okawaru.
  3934 | D:4      | Noticed Eustachio
  3945 | D:4      | Noticed a sky beast
  3986 | D:4      | HP: 2/53 [something (1)]
  3986 | D:4      | Slain by a sky beast

Skill      XL: |  1  2  3  4  5  6 |
---------------+-------------------+-----
Axes           | 2 3 4 |  4.1
Armour         | 3 4 |  4.6
Fighting       | 3 4 |  4.5
Shields        | |  2.6

Action                   |  1- 3 |  4- 6 || total
-------------------------+-------+-------++-------
Melee: War axe           |   114 |   204 ||   318
Invok: Temporal Distorti |       |     1 ||     1
       Growth            |       |     1 ||     1
 Abil: Evoke Berserk Rag |       |     1 ||     1
  Eat: Chunk             |     3 |     5 ||     8
       Ration            |       |     1 ||     1
Armor: Scale mail        |    36 |    91 ||   127
Dodge: Dodged            |    31 |    86 ||   117
Block: Medium shield     |    62 |   148 ||   210
